 Dungeon Crawl Stone Soup version bcrawl-1.22 (webtiles) character file.

Game seed: 10546924138099906988

1289 funkygono the Shield-Bearer (level 8, -8/67 HPs)
             Began as a Gnoll Fighter on May 12, 2020.
             Was a Believer of Okawaru.
             Mangled by Prince Ribbit (14 damage)
             ... on level 5 of the Dungeon.
             The game lasted 00:11:33 (5561 turns).

funkygono the Shield-Bearer (Gnoll Fighter)         Turns: 5561, Time: 00:11:34

Health: -8/67      AC: 11    Str: 21    XL:     8   Next: 55%
Magic:  12/12      EV: 10    Int: 10    God:    Okawaru [**....]
Gold:   171        SH: 13    Dex: 15    Spells: 13/13 levels left

rFire    . . .     SeeInvis .   q - +0 whip
rCold    . . .     Gourm    .   c - +2 medium shield
rNeg     . . .     Faith    .   b - +0 scale mail
rPois    .         Spirit   .   (no helmet)
rElec    .         Reflect  .   x - +1 cloak
rCorr    .         Harm     .   s - +0 pair of gloves
MR       .....                  (no boots)
Stlth    +.........             (no amulet)
HPRegen  0.21/turn              (no ring)
MPRegen  0.13/turn              (no ring)

@: no status effects
A: distributed training, fangs 1, strong nose
a: Heroism, Renounce Religion


You were on level 5 of the Dungeon.
You worshipped Okawaru.
Okawaru was pleased with you.
You were not hungry.

You visited 1 branch of the dungeon, and saw 5 of its levels.

You collected 171 gold pieces.

Inventory:

Hand Weapons
 a - a +1 long sword
 q - a +0 whip (weapon)
Missiles
 f - 124 sling bullets
 g - 50 poisoned needles (quivered)
 h - 1044 stones
 k - 109 bolts
 y - 547 arrows
Armour
 b - a +0 scale mail (worn)
 c - a +2 medium shield (worn)
 s - a +0 pair of gloves (worn)
 x - a +1 cloak (worn)
Wands
 r - a wand of disintegration (17)
Scrolls
 i - 2 scrolls of teleportation
 l - a scroll of immolation
 m - 3 scrolls of magic mapping
 p - 3 scrolls of fog
 u - a scroll of remove curse
Potions
 d - a potion of might
 j - a potion of mutation {unknown}
 n - 3 potions of curing
 o - 2 potions of haste
 v - a potion of degeneration {unknown}
Comestibles
 e - 5 rations {!d}
 t - 4 chunks of flesh


   Skills:
 + Level 7.4 Fighting
 + Level 3.3 Short Blades
 + Level 5.7 Long Blades
 + Level 3.3 Axes
 + Level 3.3 Maces & Flails
 + Level 3.3 Polearms
 + Level 3.3 Staves
 + Level 3.3 Slings
 + Level 3.3 Bows
 + Level 3.3 Crossbows
 + Level 3.3 Throwing
 + Level 7.4 Armour
 + Level 3.3 Dodging
 + Level 3.3 Stealth
 + Level 7.4 Shields
 + Level 3.3 Unarmed Combat
 + Level 3.3 Spellcasting
 + Level 2.7 Conjurations
 + Level 2.7 Hexes
 + Level 2.7 Charms
 + Level 2.7 Summonings
 + Level 2.7 Necromancy
 + Level 2.7 Translocations
 + Level 2.7 Transmutations
 + Level 2.7 Fire Magic
 + Level 2.7 Ice Magic
 + Level 2.7 Air Magic
 + Level 2.7 Earth Magic
 + Level 2.7 Poison Magic
 + Level 3.6 Invocations
 + Level 3.3 Evocations


You had 13 spell levels left.
You didn't know any spells.
Your spell library was empty.

Dungeon Overview and Level Annotations

Branches:
Dungeon (5/12)
 Temple: D:4-7

Altars:
Dithmenos
Okawaru
Trog
Wu Jian

Annotations:
D:5 Prince Ribbit


Innate Abilities, Weirdness & Mutations

Your experience applies equally to all skills.
You have very sharp teeth.
Your uncanny sense of smell can sniff out nearby items.


Message History

You hit Prince Ribbit. Your bite misses Prince Ribbit.
Prince Ribbit is heavily wounded.
You feel like a meek peon again. Prince Ribbit hits you!
* * * LOW HITPOINT WARNING * * *
You whack Prince Ribbit!
Prince Ribbit is severely wounded.
Prince Ribbit mumbles some strange words.
Prince Ribbit looks slightly unstable.
You miss Prince Ribbit.
Prince Ribbit is severely wounded.
Prince Ribbit says, "You're just another fly to me."
Prince Ribbit hits you!
* * * LOW HITPOINT WARNING * * *
Prince Ribbit hits you.
* * * LOW HITPOINT WARNING * * *
You closely miss Prince Ribbit.
Prince Ribbit is severely wounded.
Prince Ribbit hits you!
You die...

#..#####.. ..# .....
#....[..###.# .....
............###.....
####.................
.....................
.....................
.....................
.......F.............
.......@.............
........[............
.................#######
.................##.....
.................##.####
.................##...#.
.................####.#.
...........<.[...##.#.#.
.................##.#.#.


You could see Prince Ribbit.

Vanquished Creatures
  Eustachio (D:5)
  A sky beast (D:4)
  An ogre (D:4)
  2 centaurs (D:5)
  3 scorpions
  A crimson imp (D:4)
  3 hounds
  A bullfrog skeleton (D:4)
  2 iguanas (D:4)
  Natasha (thrice) (D:4)
  4 orc wizards (D:4)
  A worker ant (D:5)
  A hound skeleton (D:4)
  A worker ant zombie (D:5)
  14 adders
  2 oozes
  3 worms
  2 dart slugs
  5 leopard geckos
  7 orcs
  11 bats
  7 giant cockroaches
  10 hobgoblins
  7 jackals (D:3)
  5 quokkas
  4 frilled lizards (D:1)
  9 goblins
  2 jackal skeletons
  9 kobolds
  6 rats
128 creatures vanquished.

Notes
Turn   | Place    | Note
-------+----------+-------------------------------------------
     0 | D:1      | funkygono the Gnoll Fighter began the quest for the Orb.
     0 | D:1      | Reached XP level 1. HP: 23/23 MP: 1/1
    92 | D:1      | Reached XP level 2. HP: 27/29 MP: 2/2
   493 | D:1      | Reached XP level 3. HP: 35/35 MP: 3/3
   844 | D:2      | Reached skill level 1 in Invocations
   966 | D:2      | Reached skill level 1 in Short Blades
   966 | D:2      | Reached skill level 1 in Axes
   966 | D:2      | Reached skill level 1 in Maces & Flails
   966 | D:2      | Reached skill level 1 in Polearms
   966 | D:2      | Reached skill level 1 in Staves
   966 | D:2      | Reached skill level 1 in Slings
   966 | D:2      | Reached skill level 1 in Bows
   966 | D:2      | Reached skill level 1 in Crossbows
   966 | D:2      | Reached skill level 1 in Throwing
   966 | D:2      | Reached skill level 1 in Dodging
   966 | D:2      | Reached skill level 1 in Stealth
   966 | D:2      | Reached skill level 1 in Unarmed Combat
   966 | D:2      | Reached skill level 1 in Spellcasting
   966 | D:2      | Reached skill level 1 in Evocations
   997 | D:2      | Reached XP level 4. HP: 38/41 MP: 5/5
  1636 | D:2      | Reached skill level 1 in Conjurations
  1636 | D:2      | Reached skill level 1 in Hexes
  1636 | D:2      | Reached skill level 1 in Charms
  1636 | D:2      | Reached skill level 1 in Summonings
  1636 | D:2      | Reached skill level 1 in Necromancy
  1636 | D:2      | Reached skill level 1 in Translocations
  1636 | D:2      | Reached skill level 1 in Transmutations
  1636 | D:2      | Reached skill level 1 in Fire Magic
  1636 | D:2      | Reached skill level 1 in Ice Magic
  1636 | D:2      | Reached skill level 1 in Air Magic
  1636 | D:2      | Reached skill level 1 in Earth Magic
  1636 | D:2      | Reached skill level 1 in Poison Magic
  1636 | D:2      | Reached XP level 5. HP: 37/47 MP: 5/7
  2143 | D:3      | Reached XP level 6. HP: 50/53 MP: 8/8
  2205 | D:3      | Found a shadowy altar of Dithmenos.
  2783 | D:3      | Found an iron altar of Okawaru.
  2783 | D:3      | Found a shadowy altar of Dithmenos.
  2814 | D:3      | Became a worshipper of Warmaster Okawaru
  2975 | D:3      | Found an ornate altar of the Wu Jian Council.
  2977 | D:3      | Reached skill level 5 in Long Blades
  3270 | D:4      | Reached XP level 7. HP: 19/59 MP: 10/10
  3515 | D:4      | Reached * piety under Okawaru
  3542 | D:4      | Noticed Natasha
  3551 | D:4      | Killed Natasha
  3826 | D:4      | Noticed Natasha
  3842 | D:4      | Killed Natasha
  3925 | D:4      | Noticed Natasha
  3936 | D:4      | Killed Natasha
  4343 | D:4      | Found a bloodstained altar of Trog.
  4406 | D:4      | Reached XP level 8. HP: 8/67 MP: 9/12
  4855 | D:5      | Entered Level 5 of the Dungeon
  4855 | D:5      | Noticed Eustachio
  5016 | D:5      | Killed Eustachio
  5016 | D:5      | Reached ** piety under Okawaru
  5514 | D:5      | Noticed Prince Ribbit
  5561 | D:5      | Mangled by Prince Ribbit

Skill      XL: |  1  2  3  4  5  6  7  8 |
---------------+-------------------------+-----
Invocations    | 1 2 3 |  3.6
Short Blades   | 1 2 3 |  3.3
Axes           | 1 2 3 |  3.3
Maces & Flails | 1 2 3 |  3.3
Polearms       | 1 2 3 |  3.3
Staves         | 1 2 3 |  3.3
Slings         | 1 2 3 |  3.3
Bows           | 1 2 3 |  3.3
Crossbows      | 1 2 3 |  3.3
Throwing       | 1 2 3 |  3.3
Dodging        | 1 2 3 |  3.3
Stealth        | 1 2 3 |  3.3
Unarmed Combat | 1 2 3 |  3.3
Spellcasting   | 1 2 3 |  3.3
Evocations     | 1 2 3 |  3.3
Conjurations   | 1 2 |  2.7
Hexes          | 1 2 |  2.7
Charms         | 1 2 |  2.7
Summonings     | 1 2 |  2.7
Necromancy     | 1 2 |  2.7
Translocations | 1 2 |  2.7
Transmutations | 1 2 |  2.7
Fire Magic     | 1 2 |  2.7
Ice Magic      | 1 2 |  2.7
Air Magic      | 1 2 |  2.7
Earth Magic    | 1 2 |  2.7
Poison Magic   | 1 2 |  2.7
Long Blades    | 5 |  5.7
Fighting       | 7 |  7.4
Armour         | 7 |  7.4
Shields        | 7 |  7.4

Action                   |  1- 3 |  4- 6 |  7- 9 || total
-------------------------+-------+-------+-------++-------
Melee: Long sword        |   145 |   167 |       ||   312
       Bite              |    11 |    30 |    60 ||   101
       Whip              |       |   112 |   366 ||   478
Invok: Heroism           |       |       |     3 ||     3
  Use: Scroll            |     4 |     7 |     1 ||    12
  Eat: Chunk             |     1 |     7 |     6 ||    14
       Ration            |       |       |     1 ||     1
Armor: Scale mail        |    39 |    66 |   128 ||   233
Dodge: Dodged            |    38 |    75 |   118 ||   231
Block: Medium shield     |    83 |   189 |   268 ||   540
